 Dungeon Crawl Stone Soup version 0.26-a0-64-g059e62fbdb (webtiles) character file.

Game seed: 13601424758341609668

7 inmateoo the Scratcher (level 1, -1/10 HPs)
             Began as a Felid Fighter on June 11, 2020.
             Slain by a gnoll
             ... wielding a +0 whip
              (10 damage)
             ... on level 1 of the Dungeon.
             The game lasted 00:00:48 (812 turns).

inmateoo the Scratcher (Felid Fighter)               Turns: 812, Time: 00:00:48

Health: -1/10      AC:  1    Str: 12    XL:     1   Next: 83%
Magic:  2/2        EV: 19    Int:  9    God:
Gold:   38         SH:  0    Dex: 15    Spells: 0/0 levels left
                                        Lives:  0   Deaths: 0

rFire    . . .     SeeInvis +     - Unarmed
rCold    . . .     Gourm    .   (shield unavailable)
rNeg     . . .     Faith    .   (armour unavailable)
rPois    .         Spirit   .   (helmet unavailable)
rElec    .         Reflect  .   (cloak unavailable)
rCorr    .         Harm     .   (gloves unavailable)
MR       .....                  (boots unavailable)
Stlth    ++........             (no amulet)
HPRegen  0.03/turn              (no ring)
MPRegen  0.08/turn              (no ring)

@: quick
A: very small, no armour, no weapons or thrown items, stealth, claws 1, fangs 3,
see invisible, carnivore, speed 1, shaggy fur 1, slow metabolism 1, sharp paws
a: no special abilities


You were on level 1 of the Dungeon.
You were not hungry.

You visited 1 branch of the dungeon, and saw 2 of its levels.

You collected 38 gold pieces.

Inventory:

Scrolls
 d - a scroll of immolation {unknown}
 e - a scroll of remove curse {unknown}
 f - a scroll of noise {unknown}
Potions
 a - a potion of might
 c - a potion of flight {unknown}
 g - a potion of degeneration {unknown}
Comestibles
 b - 2 rations


   Skills:
 + Level 3.1 Fighting
 - Level 4.0 Dodging
 + Level 0.8 Stealth
 * Level 4.2 Unarmed Combat


You couldn't memorise any spells.
You didn't know any spells.
Your spell library was empty.

Dungeon Overview and Level Annotations

Branches:
Dungeon (2/15)

Altars:


Innate Abilities, Weirdness & Mutations

You cannot wear armour.
You are incapable of wielding weapons or throwing items.
Your paws allow you to move quietly. (Stealth)
You have sharp claws.
You have razor-sharp teeth.
You have supernaturally acute eyesight. (SInv)
You are carnivorous and can eat meat at any time.
You cover ground quickly.
You are covered in fur. (AC +1)
You have a slow metabolism.
Your sharp claws are effective at attacking unaware monsters.


Message History

A goblin comes into view. It is wielding a +0 spear.
You start resting.
The bat is too close now for your liking.
You start resting.
HP restored.
There is a stone staircase leading up here.
Unknown command.
You climb upwards.
There is a stone staircase leading down here.
You claw the goblin!
You kill the goblin!
You see here a +0 club.
The gnoll hits you with a +0 whip.
You scratch the gnoll. Your claw misses the gnoll. You bite the gnoll.
The gnoll is moderately wounded.
You scratch the gnoll but do no damage.
The gnoll is moderately wounded.
The gnoll hits you with a +0 whip!
Ouch! That really hurt!
You die...

.........## ###..## #... #
..........# #.g..### ##.##
..........# #.##...####.#
..........#########g####....#.#
#######..........##.♣♣♣♣♣♣♣♣♣..
#.....####.##.♣...[...♣.#
#.#.#..###....♣.PPPPP.♣.#
...#.##..####..♣.P≈≈≈P.♣.#
...###...#.#.@g.#♣.P≈8≈P.♣.##
...## ###...#.####♣.P≈≈≈P....# ##
######..).# ♣.PPPPP.♣..#
.######........#####♣......<♣..##
..............>.....♣♣♣♣♣♣♣♣♣....
#####...######...#### .......## .
#..### ####..#### .......# .
##.## #........# #.......# .##..#
#........# ######..#


You could see a gnoll.

Vanquished Creatures
  2 goblins (D:1)
  2 hobgoblins (D:1)
  2 rats (D:1)
6 creatures vanquished.

Notes
Turn   | Place    | Note
-------+----------+-------------------------------------------
     0 | D:1      | inmateoo the Felid Fighter began the quest for the Orb.
     0 | D:1      | Reached XP level 1. HP: 10/10 MP: 2/2
   812 | D:1      | Slain by a gnoll

Illustrated notes

Levels and vault maps discovered:
D:1:      tarquinn_simple_flora_water_a, layout_rooms
D:2:      layout_loops_ring

Action                   || total
-------------------------++-------
Melee: Unarmed           ||    17
       Bite              ||     4
 Stab: Sleeping          ||     1
Dodge: Dodged            ||     7

Table legend:
 A = Non-vault XP
 B = Vault XP
 C = Vault XP percentage of total XP
 D = Non-vault monster count
 E = Vault monster count
 F = Vault count percentage of total count
                 A         B        C        D         E       F
            +---------+---------+-------+---------+---------+-------
      Total |      10 |       0 |   0.0 |       6 |       0 |   0.0
            +---------+---------+-------+---------+---------+-------
        D:1 |      10 |       0 |   0.0 |       6 |       0 |   0.0
            +---------+---------+-------+---------+---------+-------
